 Dungeon Crawl Stone Soup version 0.29-a0-283-ga02f740833 (webtiles) character file.

Game seed: 4099833725903694845

1079 bande the Chopper (level 8, -4/48 HPs)
             Began as a Gargoyle Fighter on Mar 13, 2022.
             Slain by a two-headed ogre
             ... wielding a +0 giant club
              (16 damage)
             ... on level 6 of the Dungeon.
             The game lasted 00:12:17 (6727 turns).

bande the Chopper (Gargoyle Fighter)                Turns: 6727, Time: 00:12:18

Health: -4/48      AC: 18    Str: 20    XL:     8   Next: 29%
Magic:  8/8        EV:  9    Int:  9    God:
Gold:   838        SH: 10    Dex: 11    Spells: 7/7 levels left

rFire   + . .      SeeInvis .   a - +0 war axe
rCold   . . .      Faith    .   c - +0 buckler
rNeg    + . .      Spirit   .   b - +0 scale mail
rPois   ∞          Reflect  +   w - +0 helmet
rElec   +          Harm     .   v - +1 cloak
rCorr   .          Rampage  .   r - +1 pair of gloves {rF+}
Will    .....                   (no boots)
Stlth   ..........              e - amulet of reflection
HPRegen 0.16/turn               (no ring)
MPRegen 0.11/turn               (no ring)

@: no status effects
A: sickness immunity, AC +5, negative energy resistance 1, electricity
resistance, torment resistance 1, petrification resistance
a: no special abilities


You were on level 6 of the Dungeon.
You visited 2 branches of the dungeon, and saw 7 of its levels.

You collected 1036 gold pieces.
You spent 198 gold pieces at shops.

Inventory:

Hand Weapons
 a - a +0 war axe (weapon)
 x - a +0 morningstar
Armour
 b - a +0 scale mail (worn)
 c - a +0 buckler (worn)
 r - a +1 pair of gloves of fire resistance (worn)
 v - a +1 cloak (worn)
 w - a +0 helmet (worn)
Jewellery
 e - an amulet of reflection (around neck)
 q - a ring of protection from cold
Wands
 i - a wand of mindburst (8)
Scrolls
 f - a scroll of identify
 h - a scroll of blinking {unknown}
 l - 2 scrolls of fog
 m - 3 scrolls of fear
 p - 3 scrolls of teleportation
Potions
 d - a potion of might
 g - a potion of flight
 j - a potion of resistance {unknown}
 k - 2 potions of heal wounds
 n - 2 potions of brilliance
 o - 7 potions of curing


   Skills:
 + Level 4.8 Fighting
 + Level 6.4 Axes
 + Level 5.4 Armour
 + Level 5.4 Shields


You had 7 spell levels left.
You didn't know any spells.
Your spell library was empty.

Dungeon Overview and Level Annotations

Branches:
Dungeon (6/15)             Temple (1/1) D:4

Altars:
Ashenzari
Dithmenos
Elyvilon
Fedhas
Gozag
Hepliaklqana
Kikubaaqudgha
Makhleb
Nemelex Xobeh
Qazlal
Ru
Uskayaw
Wu Jian
The Shining One

Shops:
D:5 *


Innate Abilities, Weirdness & Mutations

You are immune to sickness and miasma.
Your stone body is resilient. (AC +5)
You are immune to poison.
You resist negative energy. (rN+)
You are resistant to electric shocks. (rElec)
You are resistant to unholy torment.
You are immune to petrification.


Message History

Moving in this stuff is going to be slow.
Done exploring.
Done exploring.
There is a stone staircase leading down here.
You climb downwards.
The two-headed ogre shouts in stereo!
The orc shouts!
You block the orc's attack. The orc barely misses you.
Found 3 poisoned darts.
There is a stone staircase leading up here.
You slash the two-headed ogre!
The two-headed ogre is moderately wounded.
You hit the orc. The orc barely misses you.
The two-headed ogre hits you with a +0 giant club!
The two-headed ogre hits you but does no damage.
You slash the two-headed ogre!
The two-headed ogre is moderately wounded.
You barely miss the orc. You block the orc's attack.
The two-headed ogre hits you with a +0 giant club!
The two-headed ogre hits you but does no damage.
You barely miss the two-headed ogre.
The two-headed ogre is moderately wounded.
You barely miss the orc. The orc hits you with a +0 flail.
Unknown command.
You slash the two-headed ogre!
The two-headed ogre is heavily wounded.
You closely miss the orc. The orc hits you but does no damage.
You block the two-headed ogre's attack.
The two-headed ogre hits you with a +0 dire flail.
The orc completely misses you.
You slash the two-headed ogre!
The two-headed ogre is severely wounded.
You hit the orc.
You kill the orc!
The two-headed ogre hits you with a +0 giant club!
* * * LOW HITPOINT WARNING * * *
The two-headed ogre closely misses you.
You barely miss the two-headed ogre.
The two-headed ogre is severely wounded.
The two-headed ogre hits you with a +0 giant club!
You die...

########
##......##
##........##
#..........#
#..........#
#....O)....#
#....@.....#
#..........#
##........##
.............
##..........#.
.............(
###..........##
#..........#


You could see a two-headed ogre.

Vanquished Creatures
  Grinder (D:3)
  Menkaure (D:4)
  A sky beast (D:5)
  An ice beast (D:3)
  A gnoll sergeant (D:6)
  2 scorpions
  A hound (D:4)
  Crazy Yiuf (D:3)
  An iguana (D:4)
  2 orc wizards
  Natasha (thrice) (D:4)
  A mummy (D:4)
  Robin (D:4)
  4 gnolls
  An adder (D:4)
  An ufetubus (D:5)
  2 dart slugs
  10 orcs
  8 endoplasms
  6 giant cockroaches
  16 goblins
  13 hobgoblins
  4 jackals (D:5)
  8 kobolds
  2 quokkas (D:1)
  8 ball pythons
  6 bats
  4 frilled lizards
  2 hobgoblin zombies (D:4)
  2 orc zombies (D:4)
  5 rats
119 creatures vanquished.

Notes
Turn   | Place    | Note
-------+----------+-------------------------------------------
     0 | D:1      | bande the Gargoyle Fighter began the quest for the Orb.
     0 | D:1      | Reached XP level 1. HP: 14/14 MP: 1/1
    17 | D:1      | Found a faded altar of an unknown god.
   185 | D:1      | Reached XP level 2. HP: 11/19 MP: 2/2
   189 | D:1      | Reached skill level 2 in Axes
   895 | D:1      | Reached XP level 3. HP: 23/23 MP: 3/3
  1907 | D:3      | Noticed an ice beast
  1920 | D:3      | Killed an ice beast
  1921 | D:3      | Reached skill level 3 in Axes
  1921 | D:3      | Reached XP level 4. HP: 29/29 MP: 4/4
  1921 | D:3      | Reached XP level 5. HP: 33/33 MP: 5/5
  1997 | D:3      | Reached skill level 4 in Axes
  2150 | D:3      | Noticed Grinder
  2172 | D:3      | Killed Grinder
  2173 | D:3      | Reached XP level 6. HP: 25/38 MP: 6/6
  2284 | D:3      | Found an ornate altar of the Wu Jian Council.
  2687 | D:3      | Found a runed translucent door.
  2688 | D:3      | Noticed Crazy Yiuf
  2928 | D:3      | Killed Crazy Yiuf
  2929 | D:3      | Reached skill level 5 in Axes
  2929 | D:3      | Reached XP level 7. HP: 22/43 MP: 3/7
  3158 | D:4      | Noticed Robin
  3177 | D:4      | Killed Robin
  3242 | D:4      | Identified a scroll of acquirement
  3242 | D:4      | Acquired 737 gold pieces
  3278 | D:4      | Noticed Natasha
  3287 | D:4      | Killed Natasha
  3420 | D:4      | Noticed Natasha
  3431 | D:4      | Killed Natasha
  4075 | D:4      | Found a staircase to the Ecumenical Temple.
  4085 | D:4      | Noticed Natasha
  4090 | Temple   | Entered the Ecumenical Temple
  4159 | D:4      | Killed Natasha
  4390 | D:4      | Noticed Menkaure
  4402 | D:4      | Killed Menkaure
  4403 | D:4      | Reached skill level 5 in Armour
  4403 | D:4      | Reached skill level 5 in Shields
  5016 | D:5      | Entered Level 5 of the Dungeon
  5063 | D:5      | Reached skill level 6 in Axes
  5152 | D:5      | Reached XP level 8. HP: 48/48 MP: 8/8
  5933 | D:5      | Identified the +1 leather armour "Renosal" {rPois rCorr
                  | Stlth-}
  6493 | D:5      | Found Tebot's Fire Supplies.
  6500 | D:5      | Bought a +1 pair of gloves of fire resistance for 198 gold
                  | pieces
  6721 | D:6      | Noticed a two-headed ogre
  6727 | D:6      | Slain by a two-headed ogre

Illustrated notes

Levels and vault maps discovered:
D:1:      eino_arrival_cavern_d, layout_loops_cross,
          ebering_ecumenical_altar_abandoned, minmay_distorted
D:2:      layout_basic
D:3:      layout_loops_ring, nzn_wu_jian_contemplation, uniq_crazy_yiuf_cottage,
          uniq_grinder
D:4:      layout_gridville, temple_statues, st_stairs_8, corexii_corridor_pit,
          minmay_mini_ossuary, uniq_natasha, uniq_robin, uniq_menkaure
D:5:      layout_basic, chequers_serial_rivers_small_3, nicolae_shop_fire_sale
          [nicolae_sub_dead_trees], minmay_misc_feat_more_columns
D:6:      layout_rooms, ebering_ghost_disaster_area, minivault_19,
          amethyst_killhole
Temple:   cyrus_circular_temple

Skill      XL: |  1  2  3  4  5  6  7 |
---------------+----------------------+-----
Axes           | 2 3 4 5 6 |  6.4
Armour         | 4 5 |  5.4
Shields        | 4 5 |  5.4
Fighting       | 4 |  4.8

Action                   |  1- 3 |  4- 6 |  7- 9 || total
-------------------------+-------+-------+-------++-------
Melee: War axe           |   125 |    70 |   206 ||   401
  Use: Potion            |       |     1 |     1 ||     2
       Scroll            |       |       |    14 ||    14
Armor: Scale mail        |    71 |    21 |    97 ||   189
Dodge: Dodged            |    67 |    29 |    61 ||   157
Block: Buckler           |    29 |    35 |   106 ||   170
       Reflection        |       |     2 |     2 ||     4

Table legend: (Time is in decaauts)
 A = Elapsed time spent in this place.
 B = Non-inter-level travel time spent in this place.
 C = Inter-level travel time spent in this place.
 D = Time resting spent in this place.
 E = Time spent auto-exploring this place.
 F = Levels seen in this place.
 G = Mean time per level.
                   A        B        C        D        E       F      G
               +--------+--------+--------+--------+--------+-----+--------+
         Total |   6848 |   6749 |     99 |   1488 |   4053 |   7 |  978.3 |
       Dungeon |   6786 |   6687 |     99 |   1488 |   4019 |   6 | 1131.0 |
        Temple |     61 |     61 |      0 |      0 |     34 |   1 |   61.0 |
               +--------+--------+--------+--------+--------+-----+--------+

Top non-repeatable levels by time:
     D:4: 1831 daAuts
     D:1: 1537 daAuts
     D:3: 1276 daAuts
     D:5: 1272 daAuts
     D:6: 466 daAuts
     D:2: 402 daAuts
  Temple: 61 daAuts
